 Dungeon Crawl Stone Soup version 0.30-a0-1160-g6e42c06551 (webtiles) character file.

Game seed: 5491423869135914434

18 retardedninja the Firebug (level 2, 0/20 HPs)
             Began as a Gnoll Fire Elementalist on Apr 26, 2023.
             Frozen to death by an endoplasm (1 damage)
             ... on level 1 of the Dungeon.
             The game lasted 00:01:14 (716 turns).

retardedninja the Firebug (Gnoll Fire Elementalist)  Turns: 716, Time: 00:01:14

Health: 0/20       AC:  2    Str:  7    XL:     2   Next: 66%
Magic:  3/7        EV: 13    Int: 14    God:
Gold:   22         SH:  0    Dex: 12    Spells: 9/10 levels left

rFire   . . .        c - +0 mace
rCold   . . .        (no shield)
rNeg    . . .        a - +0 robe
rPois   .            (no helmet)
rElec   .            (no cloak)
rCorr   .            (no gloves)
SInv    .            (no boots)
Will    .....        (no amulet)
Stlth   ++           (no ring)
HPRegen 0.23/turn    (no ring)
MPRegen 0.10/turn

%: no passive effects
@: no status effects
A: fangs 1, strong nose, distributed training
a: no special abilities


You were on level 1 of the Dungeon.
You visited 1 branch of the dungeon, and saw 1 of its levels.

You collected 22 gold pieces.

Inventory:

Hand Weapons
 c - a +0 mace (weapon)
Armour
 a - a +0 robe (worn)
Scrolls
 d - a scroll of teleportation {unknown}
 e - a scroll of vulnerability {unknown}
 f - a scroll of fear {unknown}
Potions
 b - a potion of magic


   Skills:
 + Level 0.5 Fighting
 + Level 0.5 Short Blades
 + Level 0.5 Long Blades
 + Level 0.5 Axes
 + Level 0.5 Maces & Flails
 + Level 0.5 Polearms
 + Level 0.5 Staves
 + Level 0.5 Ranged Weapons
 + Level 0.5 Throwing
 + Level 0.5 Armour
 + Level 4.5 Dodging
 + Level 4.1 Stealth
 + Level 0.5 Shields
 + Level 0.5 Unarmed Combat
 + Level 4.9 Spellcasting
 + Level 2.0 Conjurations
 + Level 0.3 Hexes
 + Level 0.3 Summonings
 + Level 0.3 Necromancy
 + Level 0.3 Translocations
 + Level 0.3 Transmutations
 + Level 5.3 Fire Magic
 + Level 0.3 Ice Magic
 + Level 0.3 Air Magic
 + Level 0.3 Earth Magic
 + Level 0.3 Poison Magic
 + Level 0.6 Invocations
 + Level 0.5 Evocations


You had 9 spell levels left.
You knew the following spells:

 Your Spells              Type           Power      Damage    Failure   Level
a - Foxfire               Conj/Fire      52%        2x1d6     3%          1

Your spell library contained the following spells:

 Spells                   Type           Power      Damage    Failure   Level
 Scorch                   Fire           36%        2d7       3%          2
 Inner Flame              Hex/Fire       11%        N/A       16%         3
 Volatile Blastmotes      Fire/Tloc      22%        2d11      16%         3
 Flame Wave               Conj/Fire      13%        2d6       36%         4
 Ozocubu's Armour         Ice            4%         N/A       41%         3
 Ozocubu's Refrigeration  Ice            2%         4d7       100%        7


Dungeon Overview and Level Annotations

Branches:
Dungeon (1/15)

Altars:


Innate Abilities, Weirdness & Mutations

You have very sharp teeth.
Your uncanny sense of smell can sniff out nearby items.
Your experience applies equally to all skills.


Message History

The kobold is moderately wounded.
The jackal bites you.
You conjure some foxfire!
The jackal misses you. The kobold completely misses you. The jackal bites you.
The foxfire hits the kobold.
You kill the kobold!
The foxfire hits the jackal.
The jackal is moderately wounded.
The jackal bites you but does no damage.
The giant cockroach closely misses you.
An endoplasm comes into view.
You are too injured to fight recklessly!
The jackal bites you but does no damage.
The giant cockroach bites you. The jackal closely misses you.
The giant cockroach bites you but does no damage.
The jackal closely misses you. The giant cockroach misses you.
The endoplasm quivers.
Unknown command.
You are too injured to fight recklessly!
Unknown command.
The jackal bites you. The endoplasm freezes you.
You are frozen.
The giant cockroach barely misses you.
You are too injured to fight recklessly!
You completely miss the endoplasm. The jackal barely misses you.
The endoplasm hits you.
* * * LOW HITPOINT WARNING * * *
The jackal misses you. The giant cockroach barely misses you.
You hit the endoplasm but do no damage.
The jackal bites you but does no damage.
The giant cockroach bites you but does no damage.
A hobgoblin comes into view.
The endoplasm freezes you.
You are frozen.
* * * LOW HITPOINT WARNING * * *
The jackal barely misses you. The giant cockroach bites you.
* * * LOW HITPOINT WARNING * * *
The endoplasm freezes you.
You are frozen.
You die...

##### #.....
#.... ###.).
######B..#
......J@#####
......h.....#
####.###.##.#####
.g #.##.....###
#..
#.######...#####
.. #.# ###.....#
# #.# #####.# #.#
#...# ...
#####.###


You could see an endoplasm, a jackal, a giant cockroach and a hobgoblin
(wandering).

Vanquished Creatures
  An endoplasm (D:1)
  A hobgoblin (D:1)
  A jackal (D:1)
  4 ball pythons (D:1)
  3 bats (D:1)
  A frilled lizard (D:1)
  4 goblins (D:1)
  A kobold (D:1)
  A rat (D:1)
17 creatures vanquished.

Vanquished Creatures (others)
  82 foxfires (D:1)
82 creatures vanquished.

Grand Total: 99 creatures vanquished

Notes
Turn   | Place    | Note
-------+----------+-------------------------------------------
     0 | D:1      | retardedninja the Gnoll Fire Elementalist began the quest
                  | for the Orb.
     0 | D:1      | Reached XP level 1. HP: 13/13 MP: 6/6
   236 | D:1      | Reached XP level 2. HP: 19/19 MP: 4/7
   716 | D:1      | HP: 1/20 [giant cockroach (1)]
   716 | D:1      | Frozen to death by an endoplasm

Illustrated notes

Levels and vault maps discovered:
D:1:      sevenhm_arrival_forest_fort_large_2, layout_rooms

Skill      XL: |  1 |
---------------+----+-----
Conjurations   | 2 |  2.0
Fighting       | |  0.5
Short Blades   | |  0.5
Long Blades    | |  0.5
Axes           | |  0.5
Maces & Flails | |  0.5
Polearms       | |  0.5
Staves         | |  0.5
Ranged Weapons | |  0.5
Throwing       | |  0.5
Armour         | |  0.5
Dodging        | |  4.5
Stealth        | |  4.1
Shields        | |  0.5
Unarmed Combat | |  0.5
Spellcasting   | |  4.9
Hexes          | |  0.3
Summonings     | |  0.3
Necromancy     | |  0.3
Translocations | |  0.3
Transmutations | |  0.3
Fire Magic     | |  5.3
Ice Magic      | |  0.3
Air Magic      | |  0.3
Earth Magic    | |  0.3
Poison Magic   | |  0.3
Invocations    | |  0.6
Evocations     | |  0.5

Action                     || total
---------------------------++-------
  Melee: Mace              ||     2
   Cast: Foxfire           ||    46
 Armour: Robe              ||     8
  Dodge: Dodged            ||    12

Table legend: (Time is in decaauts)
 A = Elapsed time spent in this place.
 B = Non-inter-level travel time spent in this place.
 C = Inter-level travel time spent in this place.
 D = Time resting spent in this place.
 E = Time spent auto-exploring this place.
 F = Levels seen in this place.
 G = Mean time per level.
                   A        B        C        D        E       F      G
               +--------+--------+--------+--------+--------+-----+--------+
         Total |    715 |    715 |      0 |      0 |    580 |   1 |  715.0 |
       Dungeon |    715 |    715 |      0 |      0 |    580 |   1 |  715.0 |
               +--------+--------+--------+--------+--------+-----+--------+

Top non-repeatable levels by time:
     D:1: 715 daAuts
